 Dungeon Crawl Stone Soup version 0.30-a0-339-g89bb51ec76 (webtiles) character file.

Game seed: 3414433752238673695

18 Angani the Magician (level 2, -4/20 HPs)
             Began as a Draconian Hedge Wizard on Nov 1, 2022.
             Constricted to death by Robin (6 damage)
             ... on level 1 of the Dungeon.
             The game lasted 00:01:45 (1077 turns).

Angani the Magician (Draconian Hedge Wizard)        Turns: 1077, Time: 00:01:45

Health: -4/20      AC:  5    Str: 12    XL:     2   Next: 51%
Magic:  6/6        EV:  9    Int: 14    God:
Gold:   49         SH:  0    Dex: 10    Spells: 4/7 levels left

rFire   . . .      SeeInvis .    a - +0 dagger
rCold   . . .      Faith    .    (no shield)
rNeg    . . .      Spirit   .    (body armour unavailable)
rPois   .          Reflect  .    b - +0 hat
rElec   .          Harm     .    (no cloak)
rCorr   .          Rampage  .    (no gloves)
Will    .....                    d - +0 pair of boots
Stlth   ++........               (no amulet)
HPRegen 0.23/turn                (no ring)
MPRegen 0.10/turn                (no ring)

@: grasped by roots, constricted
A: AC +4, unfitting armour, cold-blooded
a: no special abilities


You were on level 1 of the Dungeon.
You visited 1 branch of the dungeon, and saw 2 of its levels.

You collected 49 gold pieces.

Inventory:

Hand Weapons
 a - a +0 dagger (weapon)
Armour
 b - a +0 hat (worn)
 d - a +0 pair of boots (worn)
Scrolls
 f - a scroll of fear {unknown}
 g - a scroll of teleportation {unknown}
 h - a scroll of immolation {unknown}
Potions
 c - a potion of magic
 e - 2 potions of heal wounds {unknown}


   Skills:
 - Level 1.7 Dodging
 - Level 1.7 Stealth
 - Level 3.2 Spellcasting
 - Level 1.6 Conjurations
 - Level 1.0 Summonings
 - Level 1.0 Translocations
 + Level 0.6 Air Magic
 + Level 0.7 Poison Magic


You had 4 spell levels left.
You knew the following spells:

 Your Spells              Type           Power      Damage    Failure   Level
a - Magic Dart            Conj           24%        1d4       11%         1
b - Poisonous Vapours     Pois/Air       8%         N/A       24%         2

Your spell library contained the following spells:

 Spells                   Type           Power      Damage    Failure   Level
 Slow                     Hex            8%         N/A       22%         1
 Blink                    Tloc           10%        N/A       22%         2
 Call Imp                 Summ           5%         N/A       22%         2
 Cigotuvi's Dreadful Rot  Necr/Pois/Air  6%         N/A       26%         2
 Mephitic Cloud           Conj/Pois/Air  5%         N/A       38%         3


Dungeon Overview and Level Annotations

Branches:
Dungeon (2/15)

Altars:

Annotations:
D:1 Robin


Innate Abilities, Weirdness & Mutations

Your plain brown scales are hard. (AC +4)
You cannot fit into any form of body armour.
You are cold-blooded and may be slowed by cold attacks.


Message History

Press: ? - help, Q - select action Shift-Dir - straight line, f - Robin
Aim: Robin, wielding a +0 mace, wearing a +0 animal skin, wearing a +0 helmet and carrying a wand of roots (4) (lightly wounded, poisoned, 100% to hit)
The magic dart hits Robin.
Robin is moderately wounded.
Robin says, "My army is invincible!"
Robin barely misses you.
Aiming: Magic Dart (safe; 11% risk of failure)
Press: ? - help, Q - select action Shift-Dir - straight line, f/p - Robin
Aim: Robin, wielding a +0 mace, wearing a +0 animal skin, wearing a +0 helmet and carrying a wand of roots (4) (heavily wounded, poisoned, 100% to hit)
The magic dart hits Robin.
Robin is heavily wounded.
Robin hits you with a +0 mace.
You don't have enough magic to cast this spell.
Unknown command.
Unknown command.
Robin zaps a wand.
The roots erupt in riotous growth!
The grasping roots grab you! The grasping roots constrict you.
Unknown command.
You escape the roots grasp.
Robin looks more healthy.
Robin zaps a wand.
The roots erupt in riotous growth!
The grasping roots grab you! The grasping roots constrict you.
* * * LOW HITPOINT WARNING * * *
Unknown command.
You escape the roots grasp.
Robin zaps a wand.
The roots erupt in riotous growth!
The grasping roots grab you! The grasping roots constrict you.
* * * LOW HITPOINT WARNING * * *
Unknown command.
Aiming: Magic Dart (safe; 11% risk of failure)
Press: ? - help, Q - select action Shift-Dir - straight line, f/p - Robin
Aim: Robin, wielding a +0 mace, wearing a +0 animal skin, wearing a +0 helmet and carrying a wand of roots (1) (severely wounded, 100% to hit)
The magic dart hits Robin.
Robin is almost dead.
The grasping roots constrict you.
* * * LOW HITPOINT WARNING * * *
Magic courses through your body. The grasping roots constrict you.
You die...

.#.###.#.#####.##...# #.†..#
...#...#.###...#....# #.#.##
####.###.##..###....# #.#...
.##..##..##.##......# #.####
..'####.####'....♣..# #.....
....###'###.........# ######
....................#
.#..###..#....[(.#..# ...##
#....#####@#.#### #>## #..#.#
#......# #.# #....# #g####.##
#.#####....# #.......##########
#..........#####.####............
#########.....)>)# ##.##########
## #.###.#### #.# .# #.# #.# #.#
#### .# #.# #.# #.# #[..


You could see Robin.

Vanquished Creatures
  2 bats (D:1)
  An endoplasm (D:1)
  A giant cockroach (D:1)
  5 goblins
  2 hobgoblins (D:1)
  A quokka (D:1)
  A ball python (D:1)
  2 frilled lizards (D:1)
  A rat (D:1)
16 creatures vanquished.

Notes
Turn   | Place    | Note
-------+----------+-------------------------------------------
     0 | D:1      | Angani the Draconian Hedge Wizard began the quest for the
                  | Orb.
     0 | D:1      | Reached XP level 1. HP: 14/14 MP: 4/4
   573 | D:1      | Reached XP level 2. HP: 20/20 MP: 4/6
   576 | D:1      | Learned a level 2 spell: Poisonous Vapours
  1006 | D:2      | Noticed Robin
  1077 | D:1      | Constricted to death by Robin

Illustrated notes

Levels and vault maps discovered:
D:1:      nicolae_arrival_somewhat_less_tricky_arrival, layout_loops_ring
D:2:      layout_basic, uniq_robin

Action                   || total
-------------------------++-------
Melee: Dagger            ||     3
 Cast: Magic Dart        ||    39
       Poisonous Vapours ||     1
  Use: Potion            ||     1
Armor: Skin              ||     3
Dodge: Dodged            ||    12

Table legend: (Time is in decaauts)
 A = Elapsed time spent in this place.
 B = Non-inter-level travel time spent in this place.
 C = Inter-level travel time spent in this place.
 D = Time resting spent in this place.
 E = Time spent auto-exploring this place.
 F = Levels seen in this place.
 G = Mean time per level.
                   A        B        C        D        E       F      G
               +--------+--------+--------+--------+--------+-----+--------+
         Total |   1078 |   1036 |     42 |    199 |    727 |   2 |  539.0 |
       Dungeon |   1078 |   1036 |     42 |    199 |    727 |   2 |  539.0 |
               +--------+--------+--------+--------+--------+-----+--------+

Top non-repeatable levels by time:
     D:1: 1071 daAuts
     D:2: 7 daAuts
